 Dungeon Crawl Stone Soup version 0.30-a0-1082-g70414cbcbb (webtiles) character file.

Game seed: 1580909029800246408

129 Arzdou the Sneak (level 4, -9/21 HPs)
             Began as a Spriggan Enchanter on Apr 15, 2023.
             Mangled by a sleepcap (15 damage)
             ... on level 4 of the Dungeon.
             The game lasted 00:04:16 (2385 turns).

Arzdou the Sneak (Spriggan Enchanter)               Turns: 2385, Time: 00:04:17

Health: -9/21      AC:  6    Str:  4    XL:     4   Next: 88%
Magic:  4/9        EV:  4    Int: 18    God:
Gold:   260        SH:  0    Dex: 15    Spells: 1/9 levels left

rFire   . . .      SeeInvis +    a - +1 dagger
rCold   . . .      Faith    .    (no shield)
rNeg    . . .      Spirit   .    b - +0 robe
rPois   .          Reflect  .    (helmet restricted)
rElec   .          Rampage  .    (no cloak)
rCorr   .                        (gloves unavailable)
Will    .....                    (boots unavailable)
Stlth   +++                      (no amulet)
HPRegen 0.23/turn                m - +4 ring of protection
MPRegen 0.11/turn                (no ring)

@: sleeping, very quick
A: very small, no large weapons, unfitting armour, see invisible, speed 3
a: no special abilities


You were on level 4 of the Dungeon.
You visited 1 branch of the dungeon, and saw 4 of its levels.

You collected 260 gold pieces.

Inventory:

Hand Weapons
 a - a +1 dagger (weapon)
Armour
 b - a +0 robe (worn)
Jewellery
 m - a +4 ring of protection (left hand)
Scrolls
 e - 2 scrolls of noise {unknown}
 g - 3 scrolls of teleportation {unknown}
 h - 5 scrolls of identify {unknown}
 k - a scroll of brand weapon {unknown}
 o - a scroll of immolation {unknown}
 p - a scroll of amnesia {unknown}
 s - a scroll of magic mapping {unknown}
Potions
 c - 2 potions of invisibility
 d - a potion of haste {unknown}
 f - a potion of lignification {unknown}
 i - 2 potions of flight {unknown}
 j - 3 potions of ambrosia {unknown}
 l - 2 potions of curing {unknown}
 n - 2 potions of mutation {unknown}
 q - 2 potions of attraction {unknown}
 r - a potion of degeneration {unknown}


   Skills:
 + Level 0.2 Fighting
 * Level 2.1 Short Blades
 + Level 3.2 Dodging
 * Level 5.9 Stealth
 + Level 3.3 Spellcasting
 * Level 4.5 Hexes
 + Level 1.0 Ice Magic


You had one spell level left.
You knew the following spells:

 Your Spells              Type           Power      Damage    Failure   Level
a - Ensorcelled Hibernat  Hex/Ice        26%        N/A       8%          2
b - Confusing Touch       Hex            19%        N/A       7%          3
c - Tukima's Dance        Hex            19%        N/A       7%          3

Your spell library contained the following spells:

 Spells                   Type           Power      Damage    Failure   Level
 Beastly Appendage        Tmut           4%         N/A       16%         1
 Dazzling Flash           Conj/Hex       22%        N/A       19%         3
 Wereblood                Tmut           2%         N/A       24%         2
 Spider Form              Tmut/Pois      2%         N/A       43%         3
 Vhi's Electric Charge    Tloc/Air       4%         N/A       43%         3
 Arcjolt                  Conj/Air       1%         1d11      99%         5
 Maxwell's Capacitive Co  Air            1%         ∞         100%        8


Dungeon Overview and Level Annotations

Branches:
Dungeon (4/15)
 Temple: D:4-7

Altars:
Kikubaaqudgha


Innate Abilities, Weirdness & Mutations

You are very small and have problems with some larger weapons.
You are too small for most types of armour.
You have supernaturally acute eyesight. (SInv)
You cover ground extremely quickly. (Speed+++)


Message History

The sleepcap misses you.
You hit the sleepcap but do no damage.
The sleepcap is lightly damaged.
You hit the sleepcap.
The sleepcap is lightly damaged.
The sleepcap barely misses you.
You hit the sleepcap.
The sleepcap is moderately damaged.
The sleepcap closely misses you.
You hit the sleepcap.
The sleepcap is moderately damaged.
The sleepcap releases spores at you.
You hit the sleepcap but do no damage.
The sleepcap is moderately damaged.
The sleepcap completely misses you.
You hit the sleepcap.
The sleepcap is heavily damaged.
The sleepcap releases spores at you.
You are engulfed in a cloud of soporific spores!
You fall asleep.
The sleepcap releases spores at you but does no damage.
Your magical contamination has completely faded away.
The sleepcap releases spores at you!
You wake up.
Casting: Confusing Touch (quite dangerous; 7% risk of failure)
Confirm with . or Enter, or press ? or * to list all spells.
The spell is quite dangerous to miscast (7% risk of failure)!
Continue anyway? [Y]es or [N]o only, please.
The spell is quite dangerous to miscast (7% risk of failure)!
Continue anyway?
Your hands begin to glow red.
The sleepcap barely misses you.
You hit the sleepcap but do no damage.
The sleepcap appears confused.
The sleepcap is heavily damaged.
You hit the sleepcap.
The sleepcap is heavily damaged.
The sleepcap releases spores at you.
* * * LOW HITPOINT WARNING * * *
You are engulfed in a cloud of soporific spores!
You fall asleep.
The sleepcap releases spores at you!
Ouch! That really hurt!
You die...

#.######## #.#### #.. #.....
#.# #.#### #.# #.# #.# #.#
#.# ###.# #.# #...#
#########.#########.######
.....#.f@..#....##)†.....
#..#.#...#.##..##..##^.
#....#.#.#..##..##..##
#...#..#.#....)##..##..##
..S....#†...#......##......#
############################


You could see a sleepcap (confused).

Vanquished Creatures
  8 adders
  A dart slug (D:1)
  4 orcs
  4 ball pythons
  5 endoplasms
  2 giant cockroaches
  3 goblins
  4 hobgoblins
  A quokka (D:3)
  4 bats
  5 frilled lizards
  8 kobolds
  2 rats
51 creatures vanquished.

Notes
Turn   | Place    | Note
-------+----------+-------------------------------------------
     0 | D:1      | Arzdou the Spriggan Enchanter began the quest for the Orb.
     0 | D:1      | Reached XP level 1. HP: 9/9 MP: 5/5
   161 | D:1      | Reached XP level 2. HP: 13/13 MP: 7/7
   168 | D:1      | Learned a level 2 spell: Ensorcelled Hibernation
   767 | D:2      | Reached XP level 3. HP: 16/16 MP: 8/8
   784 | D:2      | Found an ancient bone altar of Kikubaaqudgha.
   805 | D:2      | Reached skill level 5 in Stealth
   857 | D:2      | Learned a level 3 spell: Confusing Touch
   861 | D:2      | Learned a level 3 spell: Tukima's Dance
  1306 | D:3      | Reached XP level 4. HP: 21/21 MP: 9/9
  2071 | D:3      | Identified the +1 leather armour of Focus {+Blink rElec
                  | Slay+3}
  2336 | D:4      | Reached skill level 1 in Ice Magic
  2385 | D:4      | Mangled by a sleepcap

Illustrated notes

Levels and vault maps discovered:
D:1:      evilmike_arrival_hilbert_curve, layout_rooms
D:2:      layout_basic, basic_altar
D:3:      layout_basic, serial_glass, glass_columns_c, glass_columns_a,
          feat_on_display, minmay_box_of_dots, uniq_crazy_yiuf_cottage
D:4:      minmay_thinvault, layout_basic

Skill      XL: |  1  2  3  4 |
---------------+-------------+-----
Spellcasting   | 3 |  3.3
Dodging        | 3 |  3.2
Hexes          | 4 |  4.5
Stealth        | 5 |  5.9
Short Blades   | 2 |  2.1
Ice Magic      | 1 |  1.0
Fighting       | |  0.2

Action                     |  1- 3 |  4- 6 || total
---------------------------+-------+-------++-------
  Melee: Dagger            |   102 |   103 ||   205
         Punch             |       |     1 ||     1
   Cast: Ensorcelled Hiber |    11 |    13 ||    24
         Confusing Touch   |       |     1 ||     1
   Stab: Sleeping          |    13 |     7 ||    20
 Armour: Robe              |    22 |    14 ||    36
  Dodge: Dodged            |    74 |    68 ||   142

Table legend: (Time is in decaauts)
 A = Elapsed time spent in this place.
 B = Non-inter-level travel time spent in this place.
 C = Inter-level travel time spent in this place.
 D = Time resting spent in this place.
 E = Time spent auto-exploring this place.
 F = Levels seen in this place.
 G = Mean time per level.
                   A        B        C        D        E       F      G
               +--------+--------+--------+--------+--------+-----+--------+
         Total |   1719 |   1639 |     80 |      0 |   1248 |   4 |  429.8 |
       Dungeon |   1719 |   1639 |     80 |      0 |   1248 |   4 |  429.8 |
               +--------+--------+--------+--------+--------+-----+--------+

Top non-repeatable levels by time:
     D:3: 632 daAuts
     D:1: 506 daAuts
     D:2: 395 daAuts
     D:4: 184 daAuts
